 Dungeon Crawl Stone Soup version 0.26-a0-602-gd42a14c23b (webtiles) character file.

Game seed: 11133103910785854921

35 ANON1729 the Sneak (level 3, -2/26 HPs)
             Began as an Octopode Delver on Aug 30, 2020.
             Slain by a bullfrog (7 damage)
             ... on level 3 of the Dungeon.
             The game lasted 00:00:47 (809 turns).

ANON1729 the Sneak (Octopode Delver)                 Turns: 809, Time: 00:00:48

Health: -2/26      AC:  1    Str: 12    XL:     3   Next: 35%
Magic:  3/3        EV: 14    Int: 12    God:
Gold:   63         SH:  0    Dex: 13    Spells: 2/2 levels left

rFire    . . .     SeeInvis .     - Unarmed
rCold    . . .     Faith    .   (no shield)
rNeg     + . .     Spirit   .   (helmet restricted)
rPois    .         Reflect  .   (no amulet)
rElec    .         Harm     .   g - ring of positive energy
rCorr    .                      (no ring)
MR       .....                  (no ring)
Stlth    ++++......             (no ring)
HPRegen  0.08/turn              (no ring)
MPRegen  0.08/turn              (no ring)
                                (no ring)
                                (no ring)

@: no status effects
A: almost no armour, stealthy swim, amphibious, 8 rings, constrict 8, camouflage
1, gelatinous body 1
a: no special abilities


You were on level 3 of the Dungeon.
You visited 1 branch of the dungeon, and saw 3 of its levels.

You collected 63 gold pieces.

Inventory:

Jewellery
 g - a ring of positive energy (left tentacle)
 i - an uncursed amulet of faith {unknown}
Wands
 e - a wand of digging (3)
 f - a wand of iceblast (9)
Scrolls
 a - a scroll of fog
 b - a scroll of magic mapping
 c - a scroll of fear
 h - a scroll of teleportation {unknown}
Potions
 d - 2 potions of curing {unknown}


   Skills:
 + Level 3.3 Fighting
 + Level 2.5 Dodging
 + Level 6.9 Stealth
 + Level 2.5 Unarmed Combat


You had 2 spell levels left.
You didn't know any spells.
Your spell library was empty.

Dungeon Overview and Level Annotations

Branches:
Dungeon (5/15)
 Temple: D:4-7

Altars:
Gozag


Innate Abilities, Weirdness & Mutations

You cannot wear most types of armour.
You are very stealthy in the water. (Stealth+)
You are amphibious.
You can wear up to eight rings at the same time.
You can use your tentacles to constrict eight enemies at once.
Your skin changes colour to match your surroundings (Stealth+).
Your rubbery body absorbs attacks. (AC +1, EV +1)


Message History

You are too injured to fight recklessly!
You are too injured to fight recklessly!
You are too injured to fight recklessly!
You are too injured to fight recklessly!
You are too injured to fight recklessly!
You are too injured to fight recklessly!
You are too injured to fight recklessly!
You are too injured to fight recklessly!
You are too injured to fight recklessly!
You are too injured to fight recklessly!
You are too injured to fight recklessly!
You are too injured to fight recklessly!
You tentacle-slap the bullfrog.
The bullfrog is heavily wounded.
You constrict the bullfrog. The bullfrog hits you.
* * * LOW HITPOINT WARNING * * *
You tentacle-slap the bullfrog. You squeeze the bullfrog.
The bullfrog is severely wounded.
You constrict the bullfrog. The bullfrog hits you!
You die...

##.#.#.##
##.#.#.#.##
##.#.###.#.##
##.#.##h##.#.##
##.#.##.#.##.#.##
.# ##.#.##.#.#
##.#.## #.#
##.#.##.#.#
##.#.###.#
#.#†##F#..##
##.#.##.#
##.#.##@#.[##
##.#.#.#
##.#.##.#/.##
##.#..#
##.#.##.)#.##
##...#
##.#.##?.#.##
##..#
##.#.##..#.# ##.#
##.#.#.#.## #.#
##.#.#)## #.#
##.#.## #.# ##.##
#.#


You could see a bullfrog and a jackal (asleep).

Vanquished Creatures
  A worker ant (D:4)
  A leopard gecko (D:3)
  An orc (D:3)
  A bat (D:3)
  A giant cockroach (D:3)
  A goblin (D:3)
  A quokka (D:4)
  2 frilled lizards (D:3)
  A kobold (D:3)
10 creatures vanquished.

Notes
Turn   | Place    | Note
-------+----------+-------------------------------------------
     0 | D:5      | ANON1729 the Octopode Delver began the quest for the Orb.
     0 | D:5      | Reached XP level 1. HP: 16/16 MP: 1/1
    37 | D:4      | Found an opulent altar of Gozag.
   104 | D:4      | Noticed a worker ant
   122 | D:4      | Killed a worker ant
   122 | D:4      | Reached XP level 2. HP: 7/21 MP: 2/2
   122 | D:4      | Reached XP level 3. HP: 9/26 MP: 3/3
   798 | D:3      | Noticed a bullfrog
   809 | D:3      | Slain by a bullfrog

Illustrated notes

Levels and vault maps discovered:
D:3:      minmay_inner_zag, layout_basic, uniq_terence
D:4:      layout_basic, ebering_ghost_rock_garden, grunt_gozag_breadcrumbs
D:5:      minmay_thick_lines, layout_rooms, uniq_grinder

Action                   || total
-------------------------++-------
Melee: Unarmed           ||    27
       Constrict         ||     7
       Tentacles         ||     3
  Use: Potion            ||     1
 Stab: Sleeping          ||     4
Armor: Skin              ||     1
Dodge: Dodged            ||    13

Table legend: (Time is in decaauts)
 A = Elapsed time spent in this place.
 B = Non-inter-level travel time spent in this place.
 C = Inter-level travel time spent in this place.
 D = Time resting spent in this place.
 E = Time spent auto-exploring this place.
 F = Levels seen in this place.
 G = Mean time per level.
                   A        B        C        D        E       F      G
               +--------+--------+--------+--------+--------+-----+--------+
         Total |    788 |    767 |     21 |    312 |    356 |   3 |  262.7 |
       Dungeon |    788 |    767 |     21 |    312 |    356 |   3 |  262.7 |
               +--------+--------+--------+--------+--------+-----+--------+

Top non-repeatable levels by time:
     D:4: 465 daAuts
     D:3: 302 daAuts
     D:5: 20 daAuts
